 Dungeon Crawl Stone Soup version 0.27-a0-406-g23f261fbd2 (webtiles) character file.

Game seed: 11597841891044149686

30474 lunkers the Geomancer (level 12, 0/105 HPs)
             Began as a Demigod Earth Elementalist on Feb 18, 2021.
             Shot with an arrow by Nessos (8 damage)
             ... on level 4 of the Lair of Beasts on Feb 22, 2021.
             The game lasted 00:41:19 (18603 turns).

lunkers the Geomancer (Demigod Earth Elementalist) Turns: 18603, Time: 00:41:19

Health: 0/105      AC:  9    Str:  7    XL:     12   Next: 91%
Magic:  39/39      EV: 12    Int: 33    God:
Gold:   782        SH:  5    Dex: 22    Spells: 15/30 levels left

rFire    . . .     SeeInvis .   a - +2 rapier of Causality {drain, rN+ MP+9 Str-2 Dex+8}
rCold    + . .     Faith    .   (no shield)
rNeg     + . .     Spirit   .   Q - +0 troll leather armour
rPois    +         Reflect  +   I - +1 helmet
rElec    +         Harm     .   c - +0 cloak
rCorr    .         Rampage  .   r - +1 pair of gloves
Will     +....                  (no boots)
Stlth    ++........             u - amulet of reflection
HPRegen  1.27/turn              N - ring of Fanaticism {rElec rPois}
MPRegen  0.26/turn              T - ring of protection from cold

@: lethally poisoned (0 -> -2)
A: high mp 1
a: no special abilities


You were on level 4 of the Lair of Beasts.
You visited 2 branches of the dungeon, and saw 13 of its levels.

You collected 782 gold pieces.

Inventory:

Hand Weapons
 a - the +2 rapier of Causality (weapon) {drain, rN+ MP+9 Str-2 Dex+8}
   (You found it on level 6 of the Dungeon)

   A truly terrible weapon, it drains the life of those it strikes.
   It affects your strength (-2).
   It affects your dexterity (+8).
   It protects you from negative energy.
   It affects your magic capacity (+9).
 g - a +0 dagger of venom
 p - a +3 dagger of protection
Missiles
 f - 216 stones
 O - a curare-tipped dart
Armour
 c - a +0 cloak (worn)
 r - a +1 pair of gloves (worn)
 G - +0 steam dragon scales
 I - a +1 helmet (worn)
 J - the +1 ring mail of Fecs {rCorr Dex+4}
   (You found it on level 2 of the Lair of Beasts)

   It affects your dexterity (+4).
   It provides partial protection from all sources of acid and corrosion.
 Q - a +0 troll leather armour (worn)
Magical Staves
 b - a staff of earth
 q - a staff of fire
Jewellery
 j - an amulet of the acrobat
 u - an amulet of reflection (around neck)
 N - the ring of Fanaticism (left hand) {rElec rPois}
   (You took it off an orc on level 9 of the Dungeon)

   [ring of poison resistance]

   It insulates you from electricity.
   It protects you from poison.
 P - an amulet of guardian spirit
 T - a ring of protection from cold (right hand)
Wands
 l - a wand of random effects (45)
 o - a wand of mindburst (18)
 x - a wand of paralysis (27)
 C - a wand of polymorph (3)
 E - a wand of digging (6)
 S - a wand of charming (12)
Scrolls
 h - 2 scrolls of enchant weapon
 k - 5 scrolls of amnesia
 m - 3 scrolls of fear
 y - 5 scrolls of teleportation
 z - 2 scrolls of fog
 B - a scroll of blinking
 K - 2 scrolls of identify
Potions
 d - 3 potions of lignification
 e - 3 potions of brilliance
 i - a potion of cancellation
 n - 7 potions of heal wounds
 s - 3 potions of curing
 t - a potion of berserk rage
 v - a potion of invisibility
 w - 4 potions of mutation
 A - 4 potions of might
 D - 4 potions of flight
 L - a potion of resistance


   Skills:
 + Level 9.6 Fighting
 - Level 1.7 Dodging
 - Level 1.7 Stealth
 + Level 9.7 Spellcasting
 - Level 0.8 Transmutations
 * Level 14.3 Earth Magic


You had 15 spell levels left.
You knew the following spells:

 Your Spells              Type           Power        Failure   Level
a - Stone Arrow           Conj/Erth      100%         1%          3
b - Passwall              Tmut/Erth      50%          1%          2
c - Sandblast             Erth           100%         0%          1
d - Lee's Rapid Deconstr  Erth           42%          1%          5
e - Petrify               Tmut/Erth      60%          1%          4

Your spell library contained the following spells:

 Spells                   Type           Power        Failure   Level
 Magic Dart               Conj           64%          4%          1
 Searing Ray              Conj           32%          7%          2
 Dazzling Flash           Conj/Hex       32%          13%         3
 Fulminant Prism          Conj/Hex       8%           41%         4
 Iskenderun's Mystic Bla  Conj/Tloc      16%          41%         4


Dungeon Overview and Level Annotations

Branches:
Dungeon (9/15)             Temple (0/1) D:7            Lair (4/6) D:8
  Swamp (0/4) Lair:2       Spider (0/4) Lair:2
    Orc: D:9-12

Shops:
D:5 =

Annotations:
D:3 3 runed translucent doors, foci's ghost, amateur GrFi
D:8 2 transporters, foci's ghost, novice GrGl
Lair:2 exclusion: 2 oklob plants
Lair:4 exclusion: oklob plant, Nessos


Innate Abilities, Weirdness & Mutations

You have an increased reservoir of magic. (+10% MP)


Message History

Aim: Nessos, wielding a +3 longbow of flaming, wearing a +0 barding and quivering arrows (lightly wounded, fast, very poisoned, will become a deep troll, a jumping spider, or a mana viper, chance to affect: 46%) Nessos resists with some effort.
Nessos shoots an arrow.
The arrow hits you. The arrow burns you.
You are poisoned.
Nessos shoots an arrow.
The arrow hits you!! The arrow burns you.
You are more poisoned.
Aiming: Polymorph
Press: ? - help, Shift-Dir - straight line, f/p - Nessos
Aim: Nessos, wielding a +3 longbow of flaming, wearing a +0 barding and quivering arrows (lightly wounded, fast, poisoned, will become a deep troll, a jumping spider, or a mana viper, chance to affect: 46%) Nessos resists with some effort.
You feel very sick.
Nessos shoots an arrow.
The arrow hits you! The arrow burns you.
* * * LOW HITPOINT WARNING * * *
Nessos blinks!
Okay, then.
Aiming: Polymorph
Press: ? - help, Shift-Dir - straight line, f/p - Nessos
Aim: Nessos, wielding a +3 longbow of flaming, wearing a +0 barding and quivering arrows (moderately wounded, fast, poisoned, will become a deep troll, a jumping spider, or a mana viper, chance to affect: 46%) Nessos resists with some effort.
You feel very sick.
Nessos shoots an arrow.
The arrow completely misses you.
Nessos shoots an arrow.
The arrow hits you.
* * * LOW HITPOINT WARNING * * *
The arrow burns you.
* * * LOW HITPOINT WARNING * * *
You feel sick.
You feel sick.
Nessos shoots an arrow.
The arrow hits you!
* * * LOW HITPOINT WARNING * * *
The arrow burns you.
* * * LOW HITPOINT WARNING * * *
You feel sick.
You feel sick.
Aiming: Paralyse
Press: ? - help, Shift-Dir - straight line, f/p - Nessos
Aim: Nessos, wielding a +3 longbow of flaming, wearing a +0 barding and quivering arrows (moderately wounded, fast, chance to affect: 46%) Nessos resists with some effort.
You feel sick.
Nessos shoots an arrow.
The arrow hits you!!
* * * LOW HITPOINT WARNING * * *
The arrow burns you!
You die...

### #####..#
##.###.##...##
##............#
#..#.###....... #P...#
#.......
#P.####.......#
###..#####PP.....
######.#..#.###..P.#..
#....@..........#..#.#
##..#####.#..##......#
#c.# ##..............
#.## #....P##P..#....
#.. #...P###....##..
##. #..............#
c. ##..#.##........ #.
#..#..##........ #c
#..##.#P.....P.P


You could see Nessos (fast).

Vanquished Creatures
  6 hydras
  A catoblepas (Lair:2)
  3 death yaks
  An unseen horror (D:7)
  Pikel (D:4)
  3 black mambas
  4 cane toads
  Maggie (D:7)
  A rime drake (Lair:4)
  5 komodo dragons
  A troll (D:9)
  2 tyrant leeches (Lair:2)
  Grinder (D:4)
  Sigmund (D:5)
  A wraith (D:9)
  2 basilisks (Lair:3)
  5 yaks (D:9)
  Menkaure (D:4)
  2 swamp worms (Lair:2)
  2 water moccasins
  A floating eye (Lair:2)
  Duvessa (D:7)
  5 ice beasts
  A sky beast (D:8)
  A black bear (D:7)
  A hornet zombie (D:7)
  2 ogres
  6 necrophages
  6 centaurs
  2 phantoms
  A kobold brigand (D:9)
  Blork the orc (D:5)
  An elf zombie (D:9)
  9 bullfrogs
  A gnoll sergeant (D:9)
  Dowan (D:7)
  12 scorpions
  14 killer bees
  3 howler monkeys
  3 electric eels (Lair:1)
  A centaur zombie (D:8)
  2 bullfrog zombies
  8 human zombies (D:9)
  3 jellies
  3 orc priests
  3 hounds
  7 orc wizards
  12 worker ants
  Ijyb (D:3)
  2 hell rats (D:8)
  2 hound zombies
  2 hound skeletons
  A mummy (D:9)
  Robin (D:3)
  3 gnolls (D:9)
  2 howler monkey zombies (D:8)
  16 adders
  2 shadow imps (D:8)
  A white imp (D:5)
  4 ufetubi (D:5)
  An ooze (D:7)
  2 adder skeletons
  An adder zombie (D:9)
  5 worms
  4 dart slugs
  5 leopard geckos
  35 orcs
  11 bats
  18 giant cockroaches
  17 goblins
  4 hobgoblins
  18 jackals
  4 quokkas
  6 ball pythons
  5 frilled lizards
  12 kobolds
  A leopard gecko zombie (D:5)
  An orc zombie (D:9)
  A quokka zombie (D:6)
  3 rats
346 creatures vanquished.

Vanquished Creatures (others)
  11 fungi
  75 plants
86 creatures vanquished.

Grand Total: 432 creatures vanquished

Notes
Turn   | Place    | Note
-------+----------+-------------------------------------------
     0 | D:1      | lunkers the Demigod Earth Elementalist began the quest for
                  | the Orb.
     0 | D:1      | Reached XP level 1. HP: 14/14 MP: 5/5
   155 | D:1      | Reached skill level 3 in Earth Magic
   217 | D:1      | Reached XP level 2. HP: 20/20 MP: 2/7
   820 | D:2      | Reached XP level 3. HP: 26/26 MP: 6/9
  1240 | D:2      | You fall into a shaft and drop 2 floors!
  1247 | D:4      | Reached skill level 4 in Earth Magic
  1249 | D:4      | Reached XP level 4. HP: 24/33 MP: 1/10
  1439 | D:3      | Learned a level 2 spell: Passwall
  1443 | D:3      | Learned a level 3 spell: Stone Arrow
  1778 | D:3      | Noticed Ijyb
  1782 | D:3      | Killed Ijyb
  1783 | D:3      | Reached XP level 5. HP: 37/38 MP: 7/12
  2208 | D:2      | Found a hazy altar of Hepliaklqana.
  2363 | D:2      | Found a faded altar of an unknown god.
  2573 | D:2      | Found a shadowy altar of Dithmenos.
  2697 | D:2      | Reached skill level 5 in Earth Magic
  3214 | D:3      | Found a runed translucent gate.
  3214 | D:3      | Found a runed translucent gate.
  3214 | D:3      | Found a runed translucent gate.
  3257 | D:3      | Upgraded the game from 0.27-a0-385-g3208abaabc to
                  | 0.27-a0-406-g23f261fbd2
  3268 | D:3      | Identified the +11 dagger of Uskayaw {drain, rElec rC+ rN++
                  | Int-2}
  3271 | D:3      | Noticed foci's ghost (amateur GrFi)
  3331 | D:3      | Noticed a two-headed ogre
  4409 | D:3      | Reached XP level 6. HP: 31/45 MP: 6/14
  4699 | D:3      | Noticed Robin
  4824 | D:3      | Killed Robin
  5342 | D:4      | Reached skill level 6 in Earth Magic
  5539 | D:4      | Noticed Pikel
  5567 | D:4      | Noticed Grinder
  5573 | D:4      | Killed Grinder
  5574 | D:4      | Reached skill level 1 in Fighting
  5574 | D:4      | Reached XP level 7. HP: 51/52 MP: 8/16
  5651 | D:4      | Noticed Menkaure
  5670 | D:4      | Killed Pikel
  5671 | D:4      | Reached skill level 7 in Earth Magic
  5680 | D:4      | Killed Menkaure
  5681 | D:4      | Reached XP level 8. HP: 62/62 MP: 3/18
  6272 | D:5      | Entered Level 5 of the Dungeon
  6302 | D:5      | Found Usir's Jewellery Shoppe.
  6302 | D:5      | Noticed Sigmund
  6632 | D:5      | Reached skill level 5 in Spellcasting
  6633 | D:5      | Reached skill level 8 in Earth Magic
  7417 | D:5      | Noticed Blork the orc
  7422 | D:5      | Killed Blork the orc
  7430 | D:5      | Found a shimmering blue altar of Sif Muna.
  7634 | D:5      | Killed Sigmund
  8055 | D:6      | Found a glowing golden altar of the Shining One.
  8448 | D:6      | Found an opulent altar of Gozag.
  8462 | D:6      | Got a masterwork rapier
  8463 | D:6      | Identified the +2 rapier of Causality {drain, rN+ MP+9
                  | Str-2 Dex+8} (You found it on level 6 of the Dungeon)
  8734 | D:6      | Reached skill level 9 in Earth Magic
  8824 | D:6      | Reached XP level 9. HP: 66/71 MP: 21/21
  9240 | D:7      | Noticed Duvessa
  9240 | D:7      | Noticed Dowan
  9468 | D:7      | Killed Duvessa
  9476 | D:7      | Found a shimmering blue altar of Sif Muna.
  9480 | D:7      | Killed Dowan
  9632 | D:7      | Found a glowing golden altar of the Shining One.
  9696 | D:7      | Noticed Maggie
  9705 | D:7      | Killed an unseen horror
  9706 | D:7      | Reached skill level 5 in Fighting
  9717 | D:7      | Reached skill level 10 in Earth Magic
  9720 | D:7      | Killed Maggie
  9975 | D:7      | Got a pitted leather armour
  9986 | D:7      | Identified the +0 leather armour of Masochism {-Tele rPois
                  | rF+} (You found it on level 7 of the Dungeon)
 10427 | D:7      | Found a staircase to the Ecumenical Temple.
 10732 | D:8      | Noticed a death yak
 10747 | D:8      | Noticed a death yak
 10750 | D:8      | Killed a death yak
 10751 | D:8      | Reached XP level 10. HP: 83/83 MP: 14/24
 10958 | D:8      | Found a staircase to the Lair.
 10958 | D:8      | Noticed a death yak
 10980 | D:7      | Killed a death yak
 11093 | D:8      | Killed a death yak
 11094 | D:8      | Reached skill level 11 in Earth Magic
 11348 | D:8      | Learned a level 5 spell: Lee's Rapid Deconstruction
 11353 | D:8      | Learned a level 4 spell: Petrify
 11455 | D:8      | Noticed foci's ghost (novice GrGl)
 11626 | D:8      | Found a transporter.
 11629 | D:8      | Found a transporter.
 12279 | D:9      | Found an ancient bone altar of Kikubaaqudgha.
 13423 | D:9      | Identified the ring of Fanaticism {rElec rPois}
 13702 | D:9      | Reached XP level 11. HP: 75/92 MP: 27/27
 14068 | D:9      | Reached skill level 12 in Earth Magic
 14226 | D:9      | Found a broken altar of Ashenzari.
 14229 | D:9      | Found a radiant altar of Vehumet.
 14233 | D:9      | Found a bloodstained altar of Trog.
 14297 | Lair:1   | Entered Level 1 of the Lair of Beasts
 14461 | Lair:1   | Noticed a seven-headed hydra
 14470 | Lair:1   | Killed a seven-headed hydra
 14800 | Lair:1   | Got an encrusted leather armour
 14811 | Lair:1   | Identified the +0 leather armour of Narcissism {rC+} (You
                  | found it on level 1 of the Lair of Beasts)
 15007 | Lair:1   | Reached skill level 13 in Earth Magic
 15007 | Lair:1   | Reached XP level 12. HP: 103/103 MP: 29/29
 15365 | Lair:2   | Got a tiger eye-encrusted ring mail
 15387 | Lair:1   | Identified the +1 ring mail of Fecs {rCorr Dex+4} (You
                  | found it on level 2 of the Lair of Beasts)
 15407 | Lair:2   | Noticed an eight-headed hydra
 15750 | Lair:2   | Killed an eight-headed hydra
 16314 | Lair:2   | Found a hole to the Spider Nest.
 16365 | Lair:2   | Noticed a catoblepas
 16372 | Lair:2   | Killed a catoblepas
 16559 | Lair:2   | Noticed a five-headed hydra
 16565 | Lair:2   | Killed a five-headed hydra
 16661 | Lair:2   | Found a staircase to the Swamp.
 17093 | Lair:2   | Identified a scroll of acquirement
 17093 | Lair:2   | Acquired a staff of earth
 17187 | Lair:3   | Noticed a seven-headed hydra
 17194 | Lair:3   | Killed a seven-headed hydra
 17195 | Lair:3   | Reached skill level 14 in Earth Magic
 17482 | Lair:3   | Noticed a seven-headed hydra
 17488 | Lair:3   | Killed a seven-headed hydra
 17658 | Lair:3   | Noticed a seven-headed hydra
 17664 | Lair:3   | Killed a seven-headed hydra
 18591 | Lair:4   | Noticed Nessos
 18603 | Lair:4   | Shot with an arrow by Nessos

Illustrated notes

Levels and vault maps discovered:
D:1:      amcnicky_arrival_feature_with_door, layout_rooms
D:2:      minmay_roachtagon, layout_loops_corners, nzn_hepliaklqana_mist_gate,
          chequers_ecumenical_altar_simple_redux,
          grunt_dithmenos_smoke_and_mirrors
D:3:      layout_basic, gammafunk_ghost_nasty_kobolds, saegor_snake_ambush,
          uniq_robin, uniq_ijyb
D:4:      layout_basic, uniq_grinder, uniq_menkaure, uniq_pikel
D:5:      layout_basic, tgw_sif, serial_shops, nicolae_shop_statue_plus,
          moated_statue, minmay_misc_feat_square, uniq_sigmund
D:6:      layout_loops_corners, basic_altar, minmay_statues_item,
          grunt_gozag_statues
D:7:      old_forge, layout_rooms, lemuel_doored_altar,
          minmay_temple_entry_hall, basic_altar, grunt_potential, uniq_duvessa,
          uniq_maggie
D:8:      layout_gridville, dpeg_lair_monsters, gammafunk_ghost_arena
D:9:      layout_cave_pools, lemuel_mausoleum_altar_kikubaaqudgha,
          grunt_temple_overflow_diamond
Lair:1:   layout_cellular_growth, serial_bayou_lake_a
Lair:2:   wad_woods_pond, layout_loops_ring, minmay_swamp_entry_worms,
          nicolae_spider_entry_non_spiders, disabler_island,
          serial_bayou_shore_b
Lair:3:   layout_roguey, chequers_serial_rivers_marsh, st_stairs_13,
          roderic_carrion_pond
Lair:4:   layout_loops_ring, lemuel_oklob_altar, infiniplex_staircase_pool_2,
          serial_bayou_shore_b, uniq_nessos

Skill      XL: |  1  2  3  4  5  6  7  8  9 10 11 12 |
---------------+-------------------------------------+-----
Earth Magic    | 3 4 5 6 7 9 10 11 13 14 | 14.3
Spellcasting   | 2 3 4 5 6 7 8 9 |  9.7
Fighting       | 1 2 4 5 7 8 9 |  9.6
Dodging        | |  1.7
Stealth        | |  1.7
Transmutations | |  0.8

Action                   |  1- 3 |  4- 6 |  7- 9 | 10-12 || total
-------------------------+-------+-------+-------+-------++-------
Melee: Dagger            |       |   112 |       |       ||   112
       Unarmed           |       |    22 |       |       ||    22
       Rapier            |       |       |     7 |    52 ||    59
 Cast: Sandblast         |    46 |    36 |    13 |     5 ||   100
       Stone Arrow       |       |    72 |   146 |   291 ||   509
       Lee's Rapid Decon |       |       |       |     5 ||     5
Evoke: Wand              |       |       |       |     7 ||     7
  Use: Scroll            |       |     7 |     1 |    18 ||    26
       Potion            |       |       |       |     1 ||     1
 Stab: Sleeping          |       |     2 |       |       ||     2
Armor: Robe              |     2 |    46 |    10 |       ||    58
       Steam dragon scal |       |       |    12 |    43 ||    55
       Troll leather arm |       |       |       |     5 ||     5
Dodge: Dodged            |    11 |   119 |    37 |    86 ||   253
Block: Other             |       |       |     9 |    46 ||    55
       Reflection        |       |       |     1 |     7 ||     8

Table legend: (Time is in decaauts)
 A = Elapsed time spent in this place.
 B = Non-inter-level travel time spent in this place.
 C = Inter-level travel time spent in this place.
 D = Time resting spent in this place.
 E = Time spent auto-exploring this place.
 F = Levels seen in this place.
 G = Mean time per level.
                   A        B        C        D        E       F      G
               +--------+--------+--------+--------+--------+-----+--------+
         Total |  18697 |  18109 |    588 |   1416 |  13714 |  13 | 1438.2 |
       Dungeon |  14339 |  13880 |    459 |   1390 |   9999 |   9 | 1593.2 |
          Lair |   4358 |   4230 |    128 |     26 |   3715 |   4 | 1089.5 |
               +--------+--------+--------+--------+--------+-----+--------+

Top non-repeatable levels by time:
     D:3: 2555 daAuts
  Lair:2: 1784 daAuts
     D:9: 1747 daAuts
     D:2: 1667 daAuts
     D:8: 1644 daAuts
     D:6: 1594 daAuts
     D:7: 1577 daAuts
     D:5: 1371 daAuts
     D:4: 1368 daAuts
  Lair:3: 1262 daAuts
  Lair:1: 1137 daAuts
     D:1: 811 daAuts
  Lair:4: 174 daAuts
